AoeStats
← caballolibre430

Arena

509209701Analyzed
1v1 RM · 7d ago on Sep 25, 2026· 56m 0s· 2 players
Game mode
Random Map
Map size
Tiny (2 player)
Population
200
Speed
Normal
Resources
Standard
Victory
Conquest
Starting age
Dark Age
Ending age
Imperial Age
RankedLock teamsTeams togetherTeam positionsShared explorationLock speedFull tech treeHidden civsTurbo modeCheats
Victory
Defeat
🇦🇷 Khmer · Argentina
536
+11
🇧🇷 Teutons · Brazil
434
-11
Raangon
14:00 Feudal Age
15:12 Double-Bit Axe
17:02 Stone Mining
17:05 Gold Mining
17:01 Horse Collar
21:12 Scale Barding Armor
21:18 Forging
21:26 Bloodlines
22:11 Loom
26:54 Castle Age
28:21 Iron Casting
27:47 Scale Mail Armor
27:49 Pikeman
28:29 Squires
30:25 Bow Saw
31:30 Stone Shaft Mining
30:34 Crossbowman
31:58 Chain Barding Armor
35:16 Heavy Plow
39:28 Imperial Age
38:10 Wheelbarrow
39:09 Chain Mail Armor
38:47 Fletching
39:48 Hand Cart
41:46 Chemistry
41:32 Ballistics
41:35 Capped Ram
42:38 Elite Teutonic Knight
44:33 Halberdier
48:04 Onager
50:05 Cavalier
52:20 Paladin
caballolibre430
11:02 Feudal Age
18:43 Castle Age
18:11 Wheelbarrow
17:43 Double-Bit Axe
17:44 Horse Collar
18:01 Gold Mining
18:32 Stone Mining
20:37 Husbandry
21:09 Bow Saw
21:03 Loom
22:30 Bloodlines
24:33 Pikeman
30:18 Wheelbarrow
34:12 Imperial Age
31:52 Heavy Plow
33:28 Heated Shot
34:53 Tusk Swords
35:11 Forging
35:07 Scale Barding Armor
35:50 Heavy Scorpion
37:54 Hand Cart
38:06 Town Watch
39:14 Elite Battle Elephant
51:45 Elite Ballista Elephant
56:59 Chemistry
56:20 Ballistics
55:57 Murder Holes
56:12 Siege Engineers
Connection lost

Rejoining the realm…

Still unreachable

The connection could not be restored.

Session expired

The server has moved on; the page needs a fresh start.